 Dungeon Sprint DCSS version 0.20-a0-641-g673355a (webtiles) character file.

49 Kidiri the Chucker (level 3, -13/36 HPs)
             Began as a Troll Hunter on Feb 13, 2017.
             Mangled by a water elemental (18 damage)
             ... in the Dungeon (Sprint III: "The Ten Rune Challenge").
             The game lasted 00:01:36 (190 turns).

Kidiri the Chucker (Troll Hunter)                    Turns: 190, Time: 00:01:37

Health: -13/36     AC:  5    Str: 21    XL:     3   Next: 53%
Magic:  2/2        EV: 10    Int:  7    God:
Gold:   59         SH:  0    Dex: 10    Spells: 2/2 levels left

rFire    . . .     SeeInvis .     - Unarmed
rCold    . . .     Gourm    +   b - +0 robe
rNeg     . . .     Faith    .   (no shield)
rPois    .         Spirit   .   (helmet restricted)
rElec    .         Reflect  .   (no cloak)
rCorr    .         Harm     .   (gloves unavailable)
MR       .....     Rnd*Rage +   (boots unavailable) Stlth ++........NoTele +
                                (no amulet)
Regen    0.6/turn               (no ring)
MPRegen  0.1/turn               (no ring)

@: no status effects
A: unfitting armour, claws 3, fangs 1, berserk 1, blurry vision 1, fast
metabolism 3, gourmand, regeneration 1, shaggy fur 1, tough skin 2, evolution 1
a: no special abilities


You were in the Dungeon.
You were not hungry.

You visited 1 branch You collected 59 gold pieces.

Inventory:

Missiles
 c - 3 large rocks (quivered)
 d - 2 throwing nets
Armour
 b - a +0 robe (worn)
Scrolls
 g - a scroll of torment {unknown}
 k - a scroll of blinking
 l - 3 scrolls of identify
 m - a scroll of recharging {unknown}
 p - a scroll of immolation {unknown}
 q - 2 scrolls of remove curse
Potions
 e - a potion of curing
 h - 2 potions of haste
 i - 2 potions of magic
 j - a potion of berserk rage
 o - 2 potions of flight
 r - a potion of lignification {unknown}
Comestibles
 f - 2 bread rations
 n - 6 fruits


   Skills:
 * Level 2.9 Fighting
 * Level 4.7 Throwing
 + Level 1.7 Armour
 * Level 3.3 Dodging
 + Level 1.3 Stealth
 + Level 1.7 Unarmed Combat


You had 2 spell levels left.
You didn't know any spells.

Dungeon Overview and Level Annotations

Branches:
Dungeon (1/1)

Altars:


Innate Abilities, Weirdness & Mutations

You are too large for most types of armour.
You have claws for hands.
Your metabolism is lightning-fast.
You like to eat raw meat.
Your natural rate of healing is unusually fast.
You are covered in fur. (AC +1)
You have very tough skin. (AC +2)
You have very sharp teeth.
You tend to lose your temper in combat.
Scrolls take you a little longer to read.
You evolve.


Message History

Press: ? - help, Shift-Dir - straight line, f - water elemental
Aim: a water elemental (resting)
You throw a large rock.
The large rock hits the water elemental!
The water elemental is heavily damaged.
Throwing (i - inventory. (,) - cycle):
c - 4 large rocks (quivered)
Press: ? - help, Shift-Dir - straight line, f/p - water elemental
Aim: a water elemental (heavily damaged)
You throw a large rock.
The large rock closely misses the water elemental.
The water elemental hits you!
The water elemental engulfs you in water!
The water elemental hits you!!
Ouch! That really hurt!
* * * LOW HITPOINT WARNING * * *
With effort, you pull free of the water engulfing you.
You gasp with relief as air once again reaches your lungs.
The water elemental hits you!!
Ouch! That really hurt!
You die...

▓▓▓▓▓▓▓▓▓▓▓▓ ▓▓▓
<.#..+...♣.♣ ♣.#
..#..#....♣♣♣ ♣.#
#'####......♣ ♣♣.#
...÷.#....≈♣♣ ♣..###+#+#
.....#...≈≈.♣♣♣♣.#......
.....#..≈≈≈≈♣..♣.E.(...(
####)#..≈≈≈≈≈≈.♣@#...###
.....#.≈≈≈≈≈≈....# ⌠.#
.....#.≈≈≈≈≈.....# .#
.....#.≈≈≈.......# #
'#####...........#
.................#
▓▓▓▓▓▓▓▓▓▓▓▓▓▓▓▓▓▓


You could see a water elemental.

Vanquished Creatures
  Jessica (D)
  A human (D)
  A phantom (D)
  3 rats (D)
6 creatures vanquished.

Vanquished Creatures (others)
  6 hellions (D)
  A yaktaur (D)
  A plant (D)
8 creatures vanquished.

Grand Total: 14 creatures vanquished

Notes
Turn   | Place    | Note
-------+----------+-------------------------------------------
     0 | D        | Kidiri the Troll Hunter began the quest for the Orb.
     0 | D        | Reached XP level 1. HP: 19/19 MP: 0/0
    24 | D        | Noticed Jessica
    29 | D        | Killed Jessica
    29 | D        | Reached skill level 4 in Throwing
    29 | D        | Reached skill level 1 in Armour
    29 | D        | Reached skill level 1 in Stealth
    29 | D        | Reached skill level 1 in Unarmed Combat
    29 | D        | Reached XP level 2. HP: 27/29 MP: 1/1
    99 | D        | Reached XP level 3. HP: 36/36 MP: 2/2
   111 | D        | Killed a hellion
   112 | D        | Killed a hellion
   114 | D        | Killed a hellion
   115 | D        | Killed a hellion
   120 | D        | Killed a yaktaur
   162 | D        | Gained mutation: You are agile. (Dex +2) [potion of mutation]
   162 | D        | Gained mutation: You are covered in thick fur. (AC +2) [potion of mutation]
   162 | D        | Killed a hellion
   163 | D        | Lost mutation: You are covered in thick fur. (AC +2) [potion of mutation]
   163 | D        | Lost mutation: You are agile. (Dex +2) [potion of mutation]
   163 | D        | Gained mutation: Scrolls take you a little longer to read. [potion of mutation]
   163 | D        | Gained mutation: Your body sometimes deteriorates upon taking damage. [potion of mutation]
   163 | D        | Gained mutation: Your spells are a little harder to cast, but a little more powerful. [potion of mutation]
   163 | D        | Gained mutation: You are surrounded by a mild repulsion field. (EV +2) [potion of mutation]
   164 | D        | Lost mutation: Your spells are a little harder to cast, but a little more powerful. [potion of mutation]
   164 | D        | Lost mutation: Scrolls take you a little longer to read. [potion of mutation]
   164 | D        | Lost mutation: Your body sometimes deteriorates upon taking damage. [potion of mutation]
   164 | D        | Lost mutation: You are surrounded by a mild repulsion field. (EV +2) [potion of mutation]
   164 | D        | Gained mutation: You have a pair of small antennae on your head. [potion of mutation]
   164 | D        | Gained mutation: Your body sometimes deteriorates upon taking damage. [potion of mutation]
   164 | D        | Gained mutation: You are robust. (+10% HP) [potion of mutation]
   165 | D        | Lost mutation: Your body sometimes deteriorates upon taking damage. [potion of mutation]
   165 | D        | Lost mutation: You are robust. (+10% HP) [potion of mutation]
   165 | D        | Lost mutation: You have a pair of small antennae on your head. [potion of mutation]
   165 | D        | Gained mutation: You tend to lose your temper in combat. [potion of mutation]
   165 | D        | Gained mutation: You evolve. [potion of mutation]
   165 | D        | Gained mutation: Scrolls take you a little longer to read. [potion of mutation]
   165 | D        | Gained mutation: You have very sharp teeth. [potion of mutation]
   176 | D        | Killed a hellion
   187 | D        | Noticed a water elemental
   190 | D        | Mangled by a water elemental

Vault maps used:
D:        dungeon_sprint_mu

Skill      XL: |  1  2 |
---------------+-------+-----
Fighting       | 2 |  2.9
Throwing       | 4 |  4.7
Armour         | 1 |  1.7
Dodging        | 2 3 |  3.3
Stealth        | 1 |  1.3
Unarmed Combat | 1 |  1.7

Action                   || total
-------------------------++-------
Melee: Unarmed           ||     6
Throw: Large rock        ||     8
  Use: Potion            ||     5
  Eat: Chunk             ||     2
Dodge: Dodged            ||     2
